Map: Dirt Side

Players

Raynar

  • Race: Protoss Protoss
  • Spawn Location: 7:00

WheresWaldo

  • Race: Protoss Protoss
  • Spawn Location: 6:00

Archamond

  • Race: Terran Terran
  • Spawn Location: 9:00

SlushyStar

  • Race: Terran Terran
  • Spawn Location: 12:00

CmdrBeaumont

  • Race: Protoss Protoss
  • Spawn Location: 1:00

Throwfordays

  • Race: Zerg Zerg
  • League: Silver
  • Spawn Location: 3:00

VOD

Have the link to the VOD?

Description

Time

  • Played on: Oct. 19, 2019, 12:54 p.m.
  • Length: 11:10
Show
View Real Time Build Order
Export as new Build Order

Raynar Protoss 

Build Orders: 1 Gate Expand 

Get SALT Encoding   

  12  0:01  Probe  
  13  0:13  Probe  
  14  0:17  Pylon  
  14  0:25  Probe  
  15  0:37  Gateway, Probe  
  16  0:48  Assimilator  
  16  0:49  Probe  
  17  1:01  Probe  
  18  1:13  Probe  
  20  1:25  Probe  
  20  1:30  Nexus  
  20  1:35  Pylon  
  20  1:37  Probe  
  21  1:47  Cybernetics Core  
  21  1:49  Probe  
  22  2:02  Probe  
  22  2:04  Pylon  
  23  2:11  Pylon, Warp Gate (Chrono Boost)  
  23  2:17  Probe  
  23  2:21  Assimilator  
  24  2:29  Probe  
  25  2:30  Forge  
  25  2:36  Robotics Facility  
  27  2:44  Zealot  
  29  2:58  Probe (Chrono Boost)  
  29  3:01  Probe (Chrono Boost)  
  29  3:08  Protoss Ground Weapons Level 1 (Chrono Boost), Probe (Chrono Boost)  
  29  3:11  Probe (Chrono Boost)  
  31  3:13  Probe (Chrono Boost)  
  32  3:23  Gateway  
  32  3:24  Probe  
  32  3:26  Photon Cannon  
  33  3:37  Probe, Immortal (Chrono Boost)  
  38  3:49  Pylon  
  38  3:53  Pylon  
  38  3:59  Gateway  
  38  4:02  Pylon  
  38  4:13  Twilight Council  
  38  4:15  Pylon  
  38  4:18  Gateway  
  38  4:23  Pylon  
  38  4:51  Probe (Chrono Boost)  
  39  4:55  Stalker  
  39  4:56  Stalker x2  
  39  4:59  Immortal (Chrono Boost)  
  45  5:01  Probe (Chrono Boost)  
  45  5:06  Probe (Chrono Boost)  
  50  5:08  Blink  
  51  5:16  Sentry  
  51  5:18  Probe  
  54  5:26  Assimilator  
  54  5:27  Probe  
  55  5:30  Assimilator, Probe  
  56  5:39  Probe  
  56  5:42  Probe  
  58  5:51  Probe  
  58  5:54  Stalker x4, Probe  
  68  6:29  Immortal (Chrono Boost)  
  72  6:44  Nexus  
  72  6:47  Pylon  
  72  6:58  Probe (Chrono Boost)  
  77  7:01  Immortal  
  77  7:02  Probe (Chrono Boost)  
  77  7:07  Pylon  
  77  7:08  Pylon  
  79  7:09  Probe (Chrono Boost)  
  79  7:11  Probe (Chrono Boost)  
  79  7:14  Probe (Chrono Boost)  
  79  7:15  Robotics Facility  
  81  7:16  Probe (Chrono Boost)  
  81  7:17  Stalker x2  
  81  7:18  Stalker x2  
  90  7:39  Photon Cannon  
  90  7:42  Photon Cannon  
  90  7:46  Photon Cannon  
  90  7:49  Photon Cannon  
  90  7:51  Shield Battery  
  90  7:53  Sentry x2  
  90  7:55  Stalker x2  
  90  7:56  Immortal (Chrono Boost)  
  102  8:07  Probe (Chrono Boost)  
  103  8:17  Probe (Chrono Boost)  
  104  8:22  Probe (Chrono Boost)  
  104  8:23  Stalker x4  
  113  8:34  Probe  
  114  8:43  Protoss Shields Level 1  
  114  8:45  Gateway  
  114  8:46  Gateway, Warp Prism (Chrono Boost)  
  115  8:54  Observer (Chrono Boost)  
  117  9:29  Probe (Chrono Boost)  
  118  9:37  Immortal  
  123  9:38  Probe (Chrono Boost)  
  123  9:42  Robotics Bay  
  123  9:43  Probe (Chrono Boost)  
  123  9:46  Gateway  
  123  9:47  Gateway  
  124  9:55  Probe  
  125  10:17  Immortal  
  125  10:19  Stalker x2  
  125  10:20  Sentry x2  
  135  10:21  Stalker x2  
  134  10:42  Probe  
  129  10:54  Probe  
  126  10:58  Stalker x2  
  126  10:59  Stalker x3  
  126  11:00  Stalker x2  
Show
View Real Time Build Order
Export as new Build Order

WheresWaldo Protoss 

Build Orders:  

Get SALT Encoding   

  12  0:02  Probe (Chrono Boost)  
  13  0:12  Probe (Chrono Boost)  
  14  0:20  Pylon  
  14  0:22  Probe  
  15  0:38  Probe  
  16  0:51  Probe  
  17  1:09  Pylon  
  17  1:16  Probe  
  18  1:35  Gateway  
  18  1:46  Gateway  
  18  1:56  Pylon  
  18  2:28  Forge  
  17  3:07  Photon Cannon  
  17  3:16  Photon Cannon  
  17  3:24  Photon Cannon  
  17  3:25  Photon Cannon  
  17  3:32  Pylon  
  17  3:45  Assimilator  
  17  3:50  Assimilator  
  17  3:53  Cybernetics Core  
  17  4:01  Photon Cannon x2  
  17  4:03  Photon Cannon  
  17  4:07  Pylon  
  17  4:15  Probe (Chrono Boost)  
  18  4:26  Probe (Chrono Boost)  
  18  4:31  Probe (Chrono Boost)  
  20  4:43  Photon Cannon  
  20  4:55  Photon Cannon  
  20  5:02  Pylon  
  20  5:27  Photon Cannon  
  20  5:31  Photon Cannon  
  20  5:39  Photon Cannon  
  17  7:26  Pylon  
  17  7:34  Pylon  
Show
View Real Time Build Order
Export as new Build Order

Archamond Terran 

Build Orders:  

Get SALT Encoding   

  12  0:06  SCV  
  13  0:18  SCV  
  14  0:25  Supply Depot  
  14  0:30  SCV  
  15  0:37  Engineering Bay  
  15  0:48  Supply Depot  
  15  0:59  Barracks  
  15  1:00  SCV  
  16  1:14  SCV  
  17  1:19  Refinery  
  17  1:27  SCV  
  17  1:28  Refinery  
  18  1:46  Orbital Command  
  18  1:51  Marine  
  19  2:12  Supply Depot  
  19  2:16  SCV  
  19  2:18  Barracks Reactor  
  20  2:25  Barracks  
  20  2:39  SCV  
  21  2:54  Marine  
  21  2:55  Marine  
  23  3:03  Barracks, Command Center  
  23  3:05  Terran Infantry Weapons Level 1  
  23  3:15  Factory  
  23  3:19  SCV  
  24  3:30  Barracks Reactor  
  24  3:31  SCV  
  25  3:35  Marine x2  
  27  3:54  Barracks Reactor  
  27  4:01  Barracks  
  27  4:05  SCV  
  28  4:14  Marine x3  
  28  4:15  Marine  
  32  4:17  SCV  
  33  4:32  Starport  
  33  4:35  Orbital Command  
  33  4:45  Marine x3  
  34  4:46  Marine x3  
  39  4:53  Barracks Tech Lab  
  39  5:03  Marine x4  
  39  5:04  Marine x2  
  45  5:08  Refinery  
  45  5:09  SCV  
  46  5:16  Starport Reactor  
  46  5:21  SCV  
  47  5:26  Stimpack  
  47  5:31  Marine  
  48  5:40  SCV  
  49  5:45  Terran Infantry Armor Level 1  
  49  5:48  Marine x3  
  49  5:49  Marine x2  
  54  5:56  Marine x2, SCV  
  57  5:59  Supply Depot  
  57  6:10  Medivac x2  
  61  6:24  Supply Depot  
  61  6:25  Marine x2  
  61  6:26  Marine x3  
  61  6:27  Marine  
  67  6:33  Marine  
  68  6:43  Marine x2  
  68  6:45  Marine x4  
  74  6:52  Marauder  
  76  6:55  Supply Depot  
  76  6:58  Supply Depot  
  76  7:04  Supply Depot  
  76  7:06  Combat Shield  
  76  7:21  Marine x4  
  76  7:22  Marine  
  81  7:23  Marine  
  81  7:25  Marauder  
  84  7:40  Marine  
  84  7:41  Marine x3  
  84  7:42  Marine x2  
  90  7:46  Marauder  
  92  8:00  Marine  
  92  8:01  Marine x5  
  98  8:07  Marauder  
  100  8:14  Medivac  
  102  8:58  Medivac  
Show
View Real Time Build Order
Export as new Build Order

SlushyStar Terran 

Build Orders:  

Get SALT Encoding   

  12  0:02  SCV  
  13  0:25  Supply Depot, SCV  
  14  0:37  SCV  
  14  0:41  Refinery  
  15  0:49  SCV  
  16  0:58  Barracks  
  16  1:01  SCV  
  17  1:13  SCV  
  18  1:22  Supply Depot  
  18  1:25  SCV  
  19  1:37  SCV  
  20  1:45  Supply Depot  
  20  1:47  Engineering Bay  
  20  1:49  SCV  
  21  1:58  Barracks Reactor  
  21  2:01  SCV  
  22  2:09  Refinery  
  22  2:10  Supply Depot  
  22  2:21  Missile Turret  
  22  2:34  Marine  
  22  2:35  Marine  
  24  2:42  Terran Infantry Weapons Level 1  
  24  2:44  Missile Turret  
  24  2:52  Marine  
  24  2:53  Marine  
  24  2:57  Factory  
  26  3:06  Missile Turret  
  26  3:10  Marine x2  
  26  3:11  SCV  
  29  3:20  Supply Depot  
  29  3:23  SCV  
  30  3:28  Marine x2  
  30  3:29  Missile Turret  
  32  3:35  SCV  
  33  3:44  Supply Depot  
  33  3:46  Marine x2  
  33  3:47  SCV, Bunker  
  36  3:52  Missile Turret  
  36  3:56  Factory Tech Lab  
  36  3:59  SCV  
  37  4:07  Armory  
  37  4:16  Supply Depot  
  37  4:20  Bunker  
  37  4:36  Terran Infantry Armor Level 1  
  37  4:38  Supply Depot  
  37  5:01  Supply Depot  
  37  5:11  Marine x2  
  39  5:14  Command Center  
  39  5:17  Thor  
  45  5:23  Supply Depot  
  45  5:29  Marine x2  
  47  5:46  Marine  
  47  5:47  Marine  
  49  6:00  Thor  
  55  6:04  Marine x2  
  57  6:15  Starport  
  57  6:22  Marine x2  
  59  6:30  Terran Infantry Weapons Level 2  
  59  6:35  Supply Depot  
  59  6:40  Marine x2, Terran Vehicle And Ship Armor Level 1  
  59  6:43  Thor  
  67  6:58  Marine x2, Supply Depot  
  67  6:59  Medivac  
  71  7:20  SCV  
  71  7:21  Refinery  
  72  7:29  Medivac  
  74  7:32  SCV  
  75  7:38  Missile Turret  
  75  7:45  SCV  
  75  7:47  Marine x2  
  78  7:51  Thor  
  78  7:57  SCV  
  85  7:59  Medivac  
  85  8:05  Marine x2, Missile Turret  
  89  8:09  SCV  
  90  8:21  SCV  
  90  8:23  Marine x2, Supply Depot  
  90  8:25  Missile Turret  
  93  8:29  Medivac  
  93  8:34  Thor, Terran Ship Weapons Level 1  
  95  8:40  Marine  
  95  8:41  Marine  
  103  8:47  Missile Turret  
Show
View Real Time Build Order
Export as new Build Order

CmdrBeaumont Protoss 

Build Orders: Nexus First 

Get SALT Encoding   

  12  0:03  Probe (Chrono Boost)  
  13  0:16  Assimilator  
  13  0:18  Probe (Chrono Boost)  
  14  0:28  Probe  
  15  0:54  Pylon  
  15  1:05  Nexus  
  15  1:12  Probe  
  15  1:15  Pylon  
  16  1:24  Gateway  
  16  1:28  Probe (Chrono Boost)  
  17  1:38  Probe (Chrono Boost)  
  18  1:43  Forge  
  18  1:45  Probe  
  19  1:58  Probe  
  20  2:18  Zealot  
  22  2:25  Photon Cannon  
  22  2:45  Zealot  
  25  3:12  Zealot  
  25  6:40  Cybernetics Core  
  25  6:50  Pylon  
  25  8:09  Stargate x2  
  25  8:12  Stargate  
  25  8:14  Stargate  
  25  9:17  Void Ray x3  
  25  9:18  Void Ray  
  25  9:23  Assimilator  
  41  10:02  Void Ray x3  
  51  10:41  Pylon  
  51  10:45  Pylon  
  51  10:47  Pylon  
  51  10:49  Pylon  
  51  10:51  Pylon  
  51  10:54  Pylon  
  51  10:58  Pylon  
  51  11:00  Pylon  
  51  11:04  Pylon  
Show
View Real Time Build Order
Export as new Build Order

Throwfordays Zerg 

Build Orders: Hatch First, Roach Nydus 

Get SALT Encoding   

  12  0:01  Drone  
  13  0:08  Drone  
  14  0:16  Overlord  
  14  0:35  Drone x2  
  16  0:52  Drone, Hatchery  
  16  1:04  Drone x2  
  18  1:13  Spawning Pool  
  18  1:16  Drone  
  18  1:21  Extractor  
  18  1:23  Drone  
  18  1:30  Drone  
  19  1:37  Extractor  
  18  1:42  Drone  
  19  1:55  Drone  
  20  2:04  Zergling x2, Queen  
  20  2:08  Drone  
  24  2:14  Zergling x2  
  25  2:29  Drone  
  27  2:30  Drone  
  27  2:33  Zergling x2  
  28  2:37  Overlord  
  28  2:42  Overlord  
  28  2:46  Lair  
  28  2:54  Queen  
  28  2:56  Drone  
  31  2:58  Drone  
  32  3:06  Metabolic Boost  
  32  3:12  Drone x3  
  35  3:15  Zergling x4  
  35  3:16  Zergling x2  
  38  3:22  Drone  
  38  3:23  Drone  
  40  3:32  Roach Warren  
  39  3:42  Zergling x4  
  39  3:43  Queen  
  43  3:49  Nydus Network  
  43  3:53  Drone  
  43  4:03  Drone  
  43  4:07  Overlord  
  43  4:08  Overlord x3  
  44  4:25  Queen  
  44  4:26  Drone x2  
  44  4:27  Drone x2  
  50  4:32  Roach x5  
  50  4:37  Glial Reconstitution  
  60  4:40  Roach  
  60  4:44  Roach x4  
  70  4:55  Roach  
  70  4:59  Roach  
  74  5:01  Queen  
  74  5:03  Overlord x4  
  76  5:27  Nydus Canal  
  76  5:37  Queen  
  60  6:18  Roach x3  
  66  6:25  Overseer  
  66  6:33  Queen  
  68  7:08  Hatchery  
  67  7:11  Queen  
  71  7:15  Drone x3  
  71  7:16  Drone x2  
  71  7:18  Extractor  
  71  7:19  Extractor  
  72  7:31  Evolution Chamber  
  72  7:35  Evolution Chamber  
  70  7:38  Drone x2  
  72  7:46  Queen  
  74  7:52  Nydus Canal  
  76  7:58  Roach x2  
  76  7:59  Roach x4  
  76  8:00  Roach  
  76  8:01  Roach x2  
  46  9:11  Nydus Canal  
  46  9:13  Drone x3  
  46  9:15  Queen  
  15  9:36  Drone x2  
  7  9:54  Hatchery  
  2  10:23  Hatchery  
Tags
 
Add a new tag
Caveats
  • Supply blocks, unpowered buildings, or Contaminate may cause inaccurate times.
  • Supply counts are checked every 10 seconds.